 Dungeon Crawl Stone Soup version 0.31-a0-177-g4aa6249778 (webtiles) character file.

Game seed: 477381160682023331

16816 qw the Skirmisher (level 12, 0/114 HPs)
             Began as a Naga Hunter on June 18, 2023.
             Was an Elder of Okawaru.
             Slain by a hornet (3 damage)
             ... on level 3 of the Lair of Beasts.
             The game lasted 00:04:40 (10872 turns).

qw the Skirmisher (Naga Hunter)                    Turns: 10872, Time: 00:04:41

Health: 0/114      AC: 13    Str: 13    XL:     12   Next: 41%
Magic:  16/18      EV: 24    Int: 10    God:    Okawaru [****..]
Gold:   720        SH:  0    Dex: 26    Spells: 11/11 levels left

rFire   . . .        Y - +0 orcbow
rCold   + . .        (shield currently unavailable)
rNeg    . . .        n - +2 robe {rC+ rF+}
rPois   +            k - +0 helmet
rElec   .            (no cloak)
rCorr   .            d - +1 pair of gloves
SInv    +            (no barding)
Will    +....        h - amulet of faith
Stlth   ++++         e - +6 ring of dexterity
HPRegen 0.39/turn    j - +5 ring of evasion
MPRegen 0.16/turn

%: faith
@: heroic, very slow
A: AC +4, large, see invisible, deformed body, poison resistance, slowness 2,
spit poison 1, naga tail 1, stinger 1, iridescent scales 1, heat vulnerability 1
a: Spit Poison, Renounce Religion, Heroism, Finesse


You were on level 3 of the Lair of Beasts.
You worshipped Okawaru.
Okawaru was greatly pleased with you.
You visited 3 branches of the dungeon, and saw 12 of its levels.

You collected 720 gold pieces.


Innate Abilities, Weirdness & Mutations

Your serpentine skin is tough. (AC +4)
You have supernaturally acute eyesight. (SInv)
Armour fits poorly on your strangely shaped body.
Your system is resistant to poisons. (rPois)
You cover ground very slowly.
You can spit poison.
You have a snake-like lower body.
Your tail ends in a venomous barb.
You are partially covered in iridescent scales. (AC +2)
You are vulnerable to heat. (rF-)


   Skills:
 - Level 9.1(14.1) Fighting
 + Level 13.8(18.8) Ranged Weapons
 - Level 1.2(6.2) Armour
 - Level 6.0(11.0) Dodging
 - Level 1.5(6.5) Stealth
 + Level 8.4 Invocations


You had 11 spell levels left.
You didn't know any spells.
Your spell library was empty.

Inventory:

Hand Weapons
 Y - a +0 orcbow (weapon)
Armour
 d - a +1 pair of gloves (worn)
 k - a +0 helmet (worn)
 n - a +2 robe of resistance (worn)
Jewellery
 e - a +6 ring of dexterity (left hand)
 h - an amulet of faith (around neck)
 j - a +5 ring of evasion (right hand)
 m - a ring of positive energy
Scrolls
 f - a scroll of identify
Potions
 b - a potion of curing
 c - 3 potions of haste
 i - a potion of enlightenment
 l - a potion of cancellation
 q - 2 potions of mutation
 r - a potion of might {unknown}

Dungeon Overview and Level Annotations

Branches:
Dungeon (8/15)             Temple (1/1) D:7            Lair (3/5) D:8
  Swamp: Lair:2-3    Shoals: Lair:2-3     Snake: Lair:2-3    Spider: Lair:2-3

Altars:
Ashenzari
Cheibriados
Dithmenos
Elyvilon
Fedhas
Gozag
Hepliaklqana
Kikubaaqudgha
Makhleb
Nemelex Xobeh
Okawaru
Qazlal
Ru
Sif Muna
Trog
Uskayaw
Vehumet
Wu Jian
Xom
Yredelemnul
Zin
The Shining One

Shops:
D:7 :

Annotations:
D:5 1 runed translucent door, Crazy Yiuf
D:8 1 runed translucent door, qw's ghost, novice MiHu


Message History

The arrow hits the yak!!
The yak is heavily wounded.
You hear an angry buzzing noise. x2
The yak barely misses you.
A killer bee comes into view.
You shoot an arrow. The yak bellows!
The arrow hits the yak!!
You kill the yak!
Okawaru accepts your kill.
You shoot an arrow. The arrow hits the yak!
The yak is moderately wounded.
You shoot an arrow. The arrow barely misses the yak.
The arrow hits the yak.
The yak is lightly wounded.
A hornet comes into view.
You shoot an arrow. The arrow hits the yak!!
The yak is heavily wounded.
You shoot an arrow. The arrow hits the yak!
The yak is almost dead.
The yak closely misses you.
You shoot an arrow. The arrow hits the yak!!
You kill the yak!
Okawaru accepts your kill.
You feel like a meek peon again.
10869 ||| INVOKING Heroism.
You gain the combat prowess of a mighty hero.
The killer bee closely misses you. The yak gores you but does no damage.
The killer bee stings you.
You shoot an arrow. The arrow barely misses the yak.
The hornet barely misses you. The killer bee completely misses you.
The yak completely misses you. The yak barely misses you.
You shoot an arrow. The arrow completely misses the yak.
The killer bee barely misses you. The hornet misses you.
The killer bee misses you. The yak misses you. The yak closely misses you.
The hornet completely misses you.
You shoot an arrow.
The arrow hits the yak but does no damage.
The yak is moderately wounded.
The killer bee barely misses you. The hornet stings you.
You die...

.... .....~ ......
#....#.7.7 .....
.+....#.777 ....
.P....P..7. . #...
.#....P.... ...#...
..#....P....
....#..##+#.+##.........
........Y...............
......y@y...............
......%.Y...............
.###.#####..###.####P###
# ## ##


You could see 2 yaks, a hornet and a killer bee.

Vanquished Creatures
  Snorg (Lair:3)
  2 hydras
  2 death yaks (Lair:3)
  Pikel (D:5)
  An oklob plant (Lair:2)
  2 black mambas
  6 cane toads
  2 komodo dragons
  A troll (D:8)
  3 polar bears
  11 blink frogs
  8 yaks (Lair:3)
  2 basilisks (Lair:1)
  4 wyverns
  A swamp worm (Lair:3)
  7 water moccasins
  Duvessa (D:4)
  An orc warrior (D:6)
  2 sky beasts (D:7)
  A black bear (Lair:3)
  An ice beast (D:6)
  2 centaurs
  16 wolves
  A lemure (D:5)
  A phantom (D:6)
  A kobold brigand (D:8)
  7 bullfrogs
  3 scorpions
  Dowan (D:4)
  7 killer bees
  3 howler monkeys (D:7)
  6 electric eels
  A gnoll bouda (D:6)
  5 hounds (D:8)
  A jelly (D:5)
  7 orc priests
  2 iguanas
  8 orc wizards
  Natasha (twice) (D:2)
  Robin (D:2)
  4 gnolls (D:6)
  5 adders
  2 white imps
  An ufetubus (D:6)
  2 worms
  A dart slug (D:1)
  36 orcs
  14 endoplasms
  3 giant cockroaches (D:1)
  16 goblins
  9 hobgoblins
  2 jackals (D:1)
  10 kobolds
  4 quokkas
  3 ball pythons
  10 bats
  5 frilled lizards
  7 rats
  A butterfly (Lair:1)
270 creatures vanquished.

Vanquished Creatures (others)
  An orc wizard (D:6)
1 creature vanquished.

Grand Total: 271 creatures vanquished

Notes
Turn   | Place    | Note
-------+----------+-------------------------------------------
     0 | D:1      | qw the Naga Hunter began the quest for the Orb.
     0 | D:1      | Reached XP level 1. HP: 19/19 MP: 1/1
     0 | D:1      | 0 ||| qw: Version: 0.3-a-5-g6f28e65
     0 | D:1      | 0 ||| qw: Game counter: 648
     0 | D:1      | 0 ||| qw: Always use a shield: true
     0 | D:1      | 0 ||| qw: God list: Okawaru
     0 | D:1      | 0 ||| qw: Allow faded altars: false
     0 | D:1      | 0 ||| qw: Do Orc after D:15 true
     0 | D:1      | 0 ||| qw: Do second Lair branch before Depths: true
     0 | D:1      | 0 ||| qw: Lair rune preference: random
     0 | D:1      | 0 ||| qw: Plans: Normal
     0 | D:1      | 0 ||| PLANNING D:1-11
    19 | D:1      | 19 ||| INVOKING Spit Poison.
    36 | D:1      | 36 ||| INVOKING Spit Poison.
    41 | D:1      | 41 ||| INVOKING Spit Poison.
    94 | D:1      | 94 ||| INVOKING Spit Poison.
   160 | D:1      | Reached skill level 4 in Ranged Weapons
   160 | D:1      | Reached XP level 2. HP: 26/26 MP: 2/2
   162 | D:1      | 162 ||| INVOKING Spit Poison.
   165 | D:1      | 165 ||| INVOKING Spit Poison.
   171 | D:1      | 171 ||| INVOKING Spit Poison.
   239 | D:1      | 239 ||| INVOKING Spit Poison.
   252 | D:1      | 252 ||| INVOKING Spit Poison.
   257 | D:1      | 257 ||| INVOKING Spit Poison.
   369 | D:1      | Reached XP level 3. HP: 32/32 MP: 3/3
   465 | D:1      | 465 ||| INVOKING Spit Poison.
   554 | D:1      | 554 ||| INVOKING Spit Poison.
   561 | D:1      | 561 ||| INVOKING Spit Poison.
   672 | D:1      | 672 ||| INVOKING Spit Poison.
   675 | D:1      | 675 ||| INVOKING Spit Poison.
   701 | D:1      | 701 ||| INVOKING Spit Poison.
   772 | D:1      | 772 ||| INVOKING Spit Poison.
   863 | D:1      | 863 ||| UPGRADING to +1 pair of gloves.
   868 | D:1      | 868 ||| UPGRADING to +0 helmet.
   873 | D:1      | 873 ||| READING 2 scrolls labelled POVIUC WEEXUV.
   874 | D:1      | 874 ||| READING scroll labelled GAHOMEKK VIRUPT.
   933 | D:1      | 933 ||| READING scroll labelled PIKUDW ZUNOUNK.
   934 | D:1      | 934 ||| READING scroll labelled MEMADA UTIYHUN.
   935 | D:1      | 935 ||| READING 3 scrolls labelled BAOFIF HIKYLO RANT.
   936 | D:1      | 936 ||| DROPPING scroll of blinking.
   937 | D:1      | 937 ||| DROPPING scroll of butterflies.
   938 | D:1      | 938 ||| DROPPING 2 scrolls of poison.
   964 | D:2      | 964 ||| INVOKING Spit Poison.
  1000 | D:2      | 1000 ||| INVOKING Spit Poison.
  1043 | D:2      | 1043 ||| INVOKING Spit Poison.
  1049 | D:2      | Noticed Natasha
  1051 | D:2      | 1051 ||| INVOKING Spit Poison.
  1055 | D:2      | Killed Natasha
  1056 | D:2      | Reached skill level 5 in Ranged Weapons
  1056 | D:2      | Reached XP level 4. HP: 35/39 MP: 4/4
  1231 | D:2      | 1231 ||| INVOKING Spit Poison.
  1309 | D:2      | 1309 ||| INVOKING Spit Poison.
  1410 | D:2      | 1410 ||| INVOKING Spit Poison.
  1621 | D:2      | 1621 ||| INVOKING Spit Poison.
  1625 | D:2      | 1625 ||| INVOKING Spit Poison.
  1631 | D:2      | Noticed Robin
  1632 | D:2      | 1632 ||| INVOKING Spit Poison.
  1637 | D:2      | 1637 ||| INVOKING Spit Poison.
  1641 | D:2      | 1641 ||| INVOKING Spit Poison.
  1648 | D:2      | 1648 ||| INVOKING Spit Poison.
  1648 | D:2      | Killed Robin
  1738 | D:2      | Noticed Natasha
  1739 | D:2      | 1739 ||| INVOKING Spit Poison.
  1745 | D:2      | Killed Natasha
  1746 | D:2      | Reached skill level 3 in Fighting
  1746 | D:2      | Reached XP level 5. HP: 38/49 MP: 5/5
  1824 | D:2      | 1824 ||| UPGRADING to +1 animal skin.
  1834 | D:2      | 1834 ||| DROPPING +0 leather armour.
  1835 | D:2      | 1835 ||| UPGRADING to +6 ring of dexterity.
  1836 | D:2      | 1836 ||| DROPPING +6 ring of intelligence.
  1837 | D:2      | 1837 ||| READING scroll labelled YRIATAEGIK.
  1860 | D:3      | 1860 ||| INVOKING Spit Poison.
  1865 | D:3      | 1865 ||| INVOKING Spit Poison.
  1877 | D:3      | 1877 ||| INVOKING Spit Poison.
  2021 | D:3      | 2021 ||| INVOKING Spit Poison.
  2074 | D:3      | 2074 ||| INVOKING Spit Poison.
  2182 | D:3      | 2182 ||| INVOKING Spit Poison.
  2300 | D:3      | 2300 ||| INVOKING Spit Poison.
  2304 | D:3      | 2304 ||| INVOKING Spit Poison.
  2335 | D:3      | 2335 ||| INVOKING Spit Poison.
  2466 | D:3      | Found a faded altar of an unknown god.
  2470 | D:3      | 2470 ||| INVOKING Spit Poison.
  2475 | D:3      | 2475 ||| INVOKING Spit Poison.
  2479 | D:3      | 2479 ||| INVOKING Spit Poison.
  2942 | D:3      | 2942 ||| UPGRADING to +5 ring of evasion.
  2978 | D:4      | 2978 ||| INVOKING Spit Poison.
  2998 | D:4      | 2998 ||| INVOKING Spit Poison.
  3094 | D:4      | 3094 ||| INVOKING Spit Poison.
  3106 | D:4      | Noticed Duvessa
  3107 | D:4      | 3107 ||| INVOKING Spit Poison.
  3108 | D:4      | Noticed Dowan
  3110 | D:4      | 3110 ||| Stepping ~*~*~tactically~*~*~ (outnumbered).
  3111 | D:4      | 3111 ||| INVOKING Spit Poison.
  3114 | D:4      | 3114 ||| INVOKING Spit Poison.
  3121 | D:4      | 3121 ||| INVOKING Spit Poison.
  3121 | D:4      | Killed Duvessa
  3122 | D:4      | Reached skill level 6 in Ranged Weapons
  3122 | D:4      | Reached XP level 6. HP: 29/56 MP: 6/6
  3125 | D:4      | 3125 ||| INVOKING Spit Poison.
  3129 | D:4      | 3129 ||| INVOKING Spit Poison.
  3132 | D:4      | Killed Dowan
  3308 | D:4      | 3308 ||| INVOKING Spit Poison.
  3328 | D:4      | 3328 ||| INVOKING Spit Poison.
  3372 | D:4      | Found a sacrificial altar of Ru.
  3556 | D:4      | 3556 ||| READING scroll labelled VODDEOTTEA.
  3557 | D:4      | 3557 ||| READING scroll labelled ZURISE MAR AHE.
  3560 | D:4      | 3560 ||| DRINKING 2 fuming blue potions.
  3561 | D:4      | 3561 ||| READING 2 scrolls of identify.
  3561 | D:4      | 3561 ||| IDENTIFYING red potion
  3562 | D:4      | 3562 ||| DROPPING potion of attraction.
  3569 | D:5      | Entered Level 5 of the Dungeon
  3570 | D:5      | 3570 ||| INVOKING Spit Poison.
  3571 | D:5      | 3571 ||| STAIRDANCE
  3573 | D:4      | 3573 ||| INVOKING Spit Poison.
  3577 | D:4      | 3577 ||| INVOKING Spit Poison.
  3583 | D:4      | 3583 ||| INVOKING Spit Poison.
  3711 | D:5      | 3711 ||| INVOKING Spit Poison.
  3715 | D:5      | 3715 ||| STAIRDANCE
  3717 | D:4      | 3717 ||| INVOKING Spit Poison.
  3747 | D:5      | 3747 ||| INVOKING Spit Poison.
  3794 | D:5      | 3794 ||| Stepping ~*~*~tactically~*~*~ (outnumbered).
  3796 | D:5      | 3796 ||| INVOKING Spit Poison.
  3803 | D:5      | 3803 ||| INVOKING Spit Poison.
  3807 | D:5      | 3807 ||| INVOKING Spit Poison.
  3813 | D:5      | 3813 ||| INVOKING Spit Poison.
  3970 | D:5      | Found a runed translucent door.
  3971 | D:5      | Noticed Crazy Yiuf
  3987 | D:5      | 3987 ||| INVOKING Spit Poison.
  3988 | D:5      | Reached XP level 7. HP: 64/64 MP: 7/7
  4254 | D:5      | 4254 ||| INVOKING Spit Poison.
  4277 | D:5      | 4277 ||| INVOKING Spit Poison.
  4469 | D:5      | 4469 ||| INVOKING Spit Poison.
  4471 | D:5      | Noticed Pikel
  4474 | D:5      | 4474 ||| INVOKING Spit Poison.
  4477 | D:5      | 4477 ||| INVOKING Spit Poison.
  4488 | D:5      | 4488 ||| INVOKING Spit Poison.
  4493 | D:5      | 4493 ||| INVOKING Spit Poison.
  4494 | D:5      | Killed Pikel
  4495 | D:5      | Reached skill level 8 in Ranged Weapons
  4495 | D:5      | Reached XP level 8. HP: 21/72 MP: 8/8
  4775 | D:5      | 4775 ||| UPGRADING to +2 robe of resistance.
  4785 | D:5      | 4785 ||| DROPPING +1 animal skin.
  4786 | D:5      | 4786 ||| READING scroll labelled EXKAYTZ EZOANE.
  4787 | D:5      | 4787 ||| DRINKING 2 murky green potions.
  4834 | D:5      | 4834 ||| DRINKING 2 glowing amethyst potions.
  4835 | D:5      | 4835 ||| DRINKING 3 metallic silvery potions.
  4835 | D:5      | Gained mutation: You are vulnerable to heat. (rF-) [potion
                  | of mutation]
  4835 | D:5      | Gained mutation: You are partially covered in iridescent
                  | scales. (AC +2) [potion of mutation]
  4835 | D:5      | Gained mutation: Your tail ends in a venomous barb. [potion
                  | of mutation]
  4836 | D:5      | 4836 ||| READING 2 scrolls of identify.
  4836 | D:5      | 4836 ||| IDENTIFYING fuming coppery potion
  4837 | D:5      | 4837 ||| DROPPING potion of ambrosia.
  4838 | D:5      | 4838 ||| DROPPING potion of lignification.
  4839 | D:5      | 4839 ||| DROPPING potion of brilliance.
  4858 | D:6      | 4858 ||| INVOKING Spit Poison.
  4896 | D:6      | 4896 ||| INVOKING Spit Poison.
  4902 | D:6      | 4902 ||| INVOKING Spit Poison.
  4906 | D:6      | 4906 ||| INVOKING Spit Poison.
  4912 | D:6      | 4912 ||| INVOKING Spit Poison.
  4916 | D:6      | 4916 ||| INVOKING Spit Poison.
  4920 | D:6      | 4920 ||| INVOKING Spit Poison.
  4921 | D:6      | 4921 ||| INVOKING Spit Poison.
  4944 | D:6      | 4944 ||| INVOKING Spit Poison.
  5058 | D:6      | Reached skill level 3 in Dodging
  5168 | D:6      | Found a radiant altar of Vehumet.
  5183 | D:6      | Noticed a wyvern
  5194 | D:6      | 5194 ||| INVOKING Spit Poison.
  5198 | D:6      | Killed a wyvern
  5200 | D:6      | 5200 ||| INVOKING Spit Poison.
  5230 | D:6      | 5230 ||| INVOKING Spit Poison.
  5234 | D:6      | 5234 ||| INVOKING Spit Poison.
  5242 | D:6      | 5242 ||| INVOKING Spit Poison.
  5249 | D:6      | 5249 ||| INVOKING Spit Poison.
  5254 | D:6      | 5254 ||| INVOKING Spit Poison.
  5257 | D:6      | Reached skill level 9 in Ranged Weapons
  5258 | D:6      | 5258 ||| INVOKING Spit Poison.
  5382 | D:6      | 5382 ||| Stepping ~*~*~tactically~*~*~ (outnumbered).
  5384 | D:6      | 5384 ||| Stepping ~*~*~tactically~*~*~ (outnumbered).
  5385 | D:6      | 5385 ||| INVOKING Spit Poison.
  5388 | D:6      | Reached skill level 1 in Armour
  5395 | D:6      | 5395 ||| INVOKING Spit Poison.
  5399 | D:6      | 5399 ||| INVOKING Spit Poison.
  5469 | D:6      | 5469 ||| INVOKING Spit Poison.
  5476 | D:6      | 5476 ||| INVOKING Spit Poison.
  5482 | D:6      | 5482 ||| INVOKING Spit Poison.
  5485 | D:6      | Reached XP level 9. HP: 65/82 MP: 9/9
  5487 | D:6      | 5487 ||| INVOKING Spit Poison.
  5809 | D:6      | 5809 ||| READING scroll labelled PEFAKL DO IPAD.
  5810 | D:6      | 5810 ||| DRINKING 3 fizzy black potions.
  5811 | D:6      | 5811 ||| READING 2 scrolls of identify.
  5811 | D:6      | 5811 ||| IDENTIFYING dark potion
  5842 | D:7      | 5842 ||| Stepping ~*~*~tactically~*~*~ (outnumbered).
  5843 | D:7      | 5843 ||| Stepping ~*~*~tactically~*~*~ (outnumbered).
  5844 | D:7      | 5844 ||| INVOKING Spit Poison.
  5849 | D:7      | 5849 ||| Stepping ~*~*~tactically~*~*~ (outnumbered).
  5854 | D:7      | 5854 ||| INVOKING Spit Poison.
  5858 | D:7      | 5858 ||| INVOKING Spit Poison.
  5859 | D:7      | 5859 ||| DRINKING potion of curing.
  5859 | D:7      | 5859 ||| (to cure confusion)
  5865 | D:7      | 5865 ||| INVOKING Spit Poison.
  5869 | D:7      | 5869 ||| INVOKING Spit Poison.
  5877 | D:7      | 5877 ||| INVOKING Spit Poison.
  5878 | D:7      | Reached skill level 6 in Fighting
  5881 | D:7      | HP: 18/82 [orc/+0 hand axe (5)]
  5882 | D:7      | 5882 ||| DRINKING 2 potions of heal wounds.
  5885 | D:7      | 5885 ||| INVOKING Spit Poison.
  5890 | D:7      | 5890 ||| INVOKING Spit Poison.
  5944 | D:7      | 5944 ||| INVOKING Spit Poison.
  5952 | D:7      | 5952 ||| INVOKING Spit Poison.
  5960 | D:7      | 5960 ||| INVOKING Spit Poison.
  5965 | D:7      | 5965 ||| INVOKING Spit Poison.
  6025 | D:7      | 6025 ||| FLEEEEING.
  6026 | D:7      | 6026 ||| STAIRDANCE
  6110 | D:7      | 6110 ||| INVOKING Spit Poison.
  6221 | D:7      | 6221 ||| SWAPPING to +2 shortbow of flaming.
  6222 | D:7      | 6222 ||| DROPPING +1 shortbow.
  6245 | D:7      | 6245 ||| INVOKING Spit Poison.
  6253 | D:7      | Found a staircase to the Ecumenical Temple.
  6254 | D:7      | 6254 ||| PLANNING TEMPLE
  6254 | D:7      | 6254 ||| UPGRADING to amulet of faith.
  6259 | D:7      | 6259 ||| READING scroll labelled TUVETRUSCHI.
  6264 | Temple   | Entered the Ecumenical Temple
  6265 | Temple   | 6265 ||| PLANNING OKAWARU WORSHIP
  6271 | Temple   | Became a worshipper of Warmaster Okawaru
  6272 | Temple   | 6272 ||| PLANNING D:1-11
  6325 | D:7      | 6325 ||| INVOKING Spit Poison.
  6333 | D:7      | Found a shimmering altar of Xom.
  6343 | D:7      | 6343 ||| INVOKING Spit Poison.
  6363 | D:7      | 6363 ||| INVOKING Spit Poison.
  6365 | D:7      | Reached skill level 10 in Ranged Weapons
  6425 | D:7      | Found Coshremo's Book Shop.
  6525 | D:7      | 6525 ||| READING scroll labelled REG IPPUTSE.
  6556 | D:8      | 6556 ||| INVOKING Spit Poison.
  6564 | D:8      | 6564 ||| INVOKING Spit Poison.
  6568 | D:8      | 6568 ||| FLEEEEING.
  6569 | D:8      | 6569 ||| STAIRDANCE
  6599 | D:8      | 6599 ||| STAIRDANCE
  6649 | D:8      | 6649 ||| INVOKING Spit Poison.
  6651 | D:8      | 6651 ||| STAIRDANCE
  6678 | D:8      | 6678 ||| INVOKING Spit Poison.
  6683 | D:8      | 6683 ||| INVOKING Spit Poison.
  6687 | D:8      | 6687 ||| INVOKING Spit Poison.
  6689 | D:8      | Noticed a troll
  6696 | D:8      | 6696 ||| INVOKING Spit Poison.
  6708 | D:8      | Reached * piety under Okawaru
  6709 | D:8      | 6709 ||| INVOKING Heroism.
  6711 | D:8      | Killed a troll
  6728 | D:8      | 6728 ||| INVOKING Heroism.
  6730 | D:8      | 6730 ||| INVOKING Spit Poison.
  6750 | D:8      | 6750 ||| INVOKING Spit Poison.
  6751 | D:8      | Reached skill level 1 in Invocations
  6758 | D:8      | 6758 ||| INVOKING Spit Poison.
  6760 | D:8      | Reached XP level 10. HP: 86/94 MP: 9/11
  6764 | D:8      | 6764 ||| INVOKING Spit Poison.
  6793 | D:8      | 6793 ||| FLEEEEING.
  6795 | D:8      | 6795 ||| STAIRDANCE
  6838 | D:8      | 6838 ||| INVOKING Heroism.
  7010 | D:8      | Found a staircase to the Lair.
  7013 | D:8      | 7013 ||| INVOKING Spit Poison.
  7034 | D:8      | 7034 ||| INVOKING Spit Poison.
  7038 | D:8      | Reached skill level 3 in Invocations
  7044 | D:8      | 7044 ||| INVOKING Spit Poison.
  7084 | D:8      | 7084 ||| SWAPPING to +0 orcbow.
  7085 | D:8      | 7085 ||| DROPPING +2 shortbow of flaming.
  7124 | D:8      | Found a runed translucent door.
  7124 | D:8      | Found a shimmering altar of Xom.
  7124 | D:8      | Noticed qw's ghost (novice MiHu)
  7323 | D:8      | Found a bloodstained altar of Trog.
  7497 | D:8      | Noticed a +2 mace of chaos
  7500 | D:8      | 7500 ||| READING scroll labelled VUDONA QETZIMA.
  7501 | D:8      | 7501 ||| PLANNING LAIR
  7558 | Lair:1   | Entered Level 1 of the Lair of Beasts
  7561 | Lair:1   | 7561 ||| INVOKING Spit Poison.
  7566 | Lair:1   | 7566 ||| STAIRDANCE
  7568 | D:8      | 7568 ||| INVOKING Spit Poison.
  7757 | Lair:1   | Found a hide-covered altar of Uskayaw.
  7764 | Lair:1   | Noticed a cane toad
  7765 | Lair:1   | 7765 ||| INVOKING Heroism.
  7778 | Lair:1   | 7778 ||| INVOKING Spit Poison.
  7779 | Lair:1   | Killed a cane toad
  7779 | Lair:1   | Reached ** piety under Okawaru
  7780 | Lair:1   | Reached skill level 11 in Ranged Weapons
  7785 | Lair:1   | 7785 ||| INVOKING Spit Poison.
  7795 | Lair:1   | 7795 ||| INVOKING Spit Poison.
  7801 | Lair:1   | 7801 ||| INVOKING Spit Poison.
  7804 | Lair:1   | 7804 ||| INVOKING Spit Poison.
  7808 | Lair:1   | 7808 ||| INVOKING Spit Poison.
  7861 | Lair:1   | Noticed a black mamba
  7862 | Lair:1   | 7862 ||| INVOKING Heroism.
  7867 | Lair:1   | Killed a black mamba
  7890 | Lair:1   | 7890 ||| INVOKING Heroism.
  7891 | Lair:1   | 7891 ||| INVOKING Spit Poison.
  7946 | Lair:1   | 7946 ||| INVOKING Spit Poison.
  7953 | Lair:1   | 7953 ||| INVOKING Spit Poison.
  8039 | Lair:1   | 8039 ||| INVOKING Spit Poison.
  8041 | Lair:1   | 8041 ||| INVOKING Heroism.
  8048 | Lair:1   | 8048 ||| INVOKING Spit Poison.
  8057 | Lair:1   | 8057 ||| INVOKING Spit Poison.
  8067 | Lair:1   | 8067 ||| INVOKING Heroism.
  8068 | Lair:1   | 8068 ||| INVOKING Spit Poison.
  8072 | Lair:1   | 8072 ||| INVOKING Spit Poison.
  8077 | Lair:1   | Reached *** piety under Okawaru
  8082 | Lair:1   | 8082 ||| INVOKING Spit Poison.
  8087 | Lair:1   | Reached XP level 11. HP: 94/103 MP: 14/14
  8114 | Lair:1   | 8114 ||| INVOKING Spit Poison.
  8118 | Lair:1   | 8118 ||| INVOKING Spit Poison.
  8121 | Lair:1   | Reached skill level 12 in Ranged Weapons
  8123 | Lair:1   | 8123 ||| INVOKING Heroism.
  8124 | Lair:1   | 8124 ||| INVOKING Spit Poison.
  8131 | Lair:1   | 8131 ||| INVOKING Spit Poison.
  8135 | Lair:1   | 8135 ||| FLEEEEING.
  8138 | Lair:1   | 8138 ||| FLEEEEING.
  8138 | Lair:1   | HP: 23/103 [electric eel/bolt of electricity (6)]
  8139 | Lair:1   | 8139 ||| FLEEEEING.
  8140 | Lair:1   | 8140 ||| FLEEEEING.
  8141 | Lair:1   | 8141 ||| FLEEEEING.
  8142 | Lair:1   | 8142 ||| FLEEEEING.
  8143 | Lair:1   | 8143 ||| FLEEEEING.
  8144 | Lair:1   | 8144 ||| FLEEEEING.
  8148 | Lair:1   | 8148 ||| STAIRDANCE
  8483 | Lair:1   | 8483 ||| INVOKING Spit Poison.
  8514 | Lair:1   | 8514 ||| INVOKING Spit Poison.
  8590 | Lair:1   | 8590 ||| INVOKING Spit Poison.
  8633 | Lair:1   | 8633 ||| INVOKING Heroism.
  8726 | Lair:1   | 8726 ||| INVOKING Heroism.
  8727 | Lair:1   | 8727 ||| INVOKING Spit Poison.
  8732 | Lair:1   | Reached skill level 6 in Dodging
  8808 | Lair:1   | 8808 ||| INVOKING Heroism.
  9066 | Lair:2   | 9066 ||| INVOKING Heroism.
  9068 | Lair:2   | 9068 ||| INVOKING Spit Poison.
  9145 | Lair:2   | 9145 ||| INVOKING Heroism.
  9246 | Lair:2   | 9246 ||| INVOKING Spit Poison.
  9253 | Lair:2   | 9253 ||| INVOKING Spit Poison.
  9253 | Lair:2   | Reached **** piety under Okawaru
  9298 | Lair:2   | 9298 ||| INVOKING Spit Poison.
  9301 | Lair:2   | 9301 ||| INVOKING Heroism.
  9302 | Lair:2   | 9302 ||| INVOKING Spit Poison.
  9342 | Lair:2   | Noticed an oklob plant
  9343 | Lair:2   | 9343 ||| INVOKING Heroism.
  9354 | Lair:2   | 9354 ||| INVOKING Spit Poison.
  9360 | Lair:2   | 9360 ||| INVOKING Spit Poison.
  9362 | Lair:2   | HP: 25/103 [bullfrog (6)]
  9363 | Lair:2   | 9363 ||| READING 2 scrolls of teleportation.
  9364 | Lair:2   | 9364 ||| DRINKING 4 potions of heal wounds.
  9365 | Lair:2   | 9365 ||| INVOKING Spit Poison.
  9541 | Lair:2   | 9541 ||| INVOKING Heroism.
  9542 | Lair:2   | 9542 ||| INVOKING Spit Poison.
  9559 | Lair:2   | 9559 ||| INVOKING Heroism.
  9583 | Lair:2   | 9583 ||| INVOKING Heroism.
  9585 | Lair:2   | Killed an oklob plant
  9586 | Lair:2   | Reached skill level 13 in Ranged Weapons
  9598 | Lair:2   | Noticed a six-headed hydra
  9607 | Lair:2   | Killed a six-headed hydra
  9660 | Lair:2   | 9660 ||| INVOKING Heroism.
  9693 | Lair:2   | 9693 ||| INVOKING Heroism.
  9781 | Lair:2   | 9781 ||| INVOKING Spit Poison.
  9836 | Lair:2   | 9836 ||| INVOKING Heroism.
  9837 | Lair:2   | 9837 ||| INVOKING Spit Poison.
  9843 | Lair:2   | 9843 ||| INVOKING Spit Poison.
  9927 | Lair:2   | 9927 ||| INVOKING Heroism.
  9928 | Lair:2   | 9928 ||| INVOKING Spit Poison.
  9938 | Lair:2   | 9938 ||| INVOKING Spit Poison.
 10100 | Lair:2   | 10100 ||| INVOKING Heroism.
 10176 | Lair:2   | 10176 ||| READING 3 scrolls of identify.
 10176 | Lair:2   | 10176 ||| IDENTIFYING inky potion
 10177 | Lair:2   | 10177 ||| READING 2 scrolls of identify.
 10177 | Lair:2   | 10177 ||| IDENTIFYING glowing sapphire potion
 10213 | Lair:2   | 10213 ||| INVOKING Heroism.
 10215 | Lair:2   | 10215 ||| INVOKING Spit Poison.
 10218 | Lair:2   | Reached skill level 9 in Fighting
 10221 | Lair:2   | 10221 ||| INVOKING Spit Poison.
 10229 | Lair:2   | Reached skill level 6 in Invocations
 10257 | Lair:3   | Noticed a four-headed hydra
 10258 | Lair:3   | 10258 ||| INVOKING Heroism.
 10259 | Lair:3   | 10259 ||| INVOKING Spit Poison.
 10267 | Lair:3   | HP: 26/106 [four-headed hydra (9)]
 10268 | Lair:3   | 10268 ||| READING 2 scrolls of teleportation.
 10269 | Lair:3   | 10269 ||| DRINKING 3 potions of heal wounds.
 10272 | Lair:3   | 10272 ||| DRINKING 2 potions of heal wounds.
 10354 | Lair:3   | 10354 ||| INVOKING Heroism.
 10355 | Lair:3   | 10355 ||| INVOKING Spit Poison.
 10362 | Lair:3   | 10362 ||| INVOKING Spit Poison.
 10430 | Lair:3   | 10430 ||| INVOKING Spit Poison.
 10434 | Lair:3   | 10434 ||| INVOKING Heroism.
 10435 | Lair:3   | 10435 ||| INVOKING Spit Poison.
 10439 | Lair:3   | 10439 ||| INVOKING Spit Poison.
 10445 | Lair:3   | Reached XP level 12. HP: 88/114 MP: 14/16
 10467 | Lair:3   | 10467 ||| INVOKING Heroism.
 10510 | Lair:3   | 10510 ||| INVOKING Heroism.
 10609 | Lair:3   | 10609 ||| INVOKING Heroism.
 10615 | Lair:3   | Killed a four-headed hydra
 10646 | Lair:3   | Noticed Snorg
 10648 | Lair:3   | 10648 ||| INVOKING Heroism.
 10664 | Lair:3   | Killed Snorg
 10829 | Lair:3   | Noticed a death yak
 10830 | Lair:3   | 10830 ||| INVOKING Heroism.
 10834 | Lair:3   | Noticed a death yak
 10834 | Lair:3   | Noticed a death yak
 10835 | Lair:3   | Noticed a death yak
 10841 | Lair:3   | Killed a death yak
 10854 | Lair:3   | Killed a death yak
 10854 | Lair:3   | HP: 22/114 [death yak (11)]
 10855 | Lair:3   | 10855 ||| READING scroll of teleportation.
 10856 | Lair:3   | 10856 ||| DRINKING potion of heal wounds.
 10859 | Lair:3   | HP: 16/114 [death yak (1)]
 10860 | Lair:3   | HP: 1/114 [death yak (15)]
 10869 | Lair:3   | 10869 ||| INVOKING Heroism.
 10869 | Lair:3   | HP: 2/114 [killer bee (1)]
 10872 | Lair:3   | Slain by a hornet

Levels and vault maps discovered:
D:1:      amcnicky_arrival_flooded_fountain, layout_basic, minmay_hexomino_c4
D:2:      layout_loops_ring, uniq_natasha, uniq_robin
D:3:      layout_basic, ebering_ecumenical_altar_mist, serial_rivers,
          chequers_serial_rivers_room_a, chequers_serial_rivers_small_b,
          chequers_serial_rivers_small_3, chequers_serial_rivers_small_b,
          chequers_serial_rivers_small_b, chequers_serial_rivers_small_3,
          grunt_decor_mini_mirrors, serial_bayou_pond_d,
          chequers_serial_rivers_micro_e
D:4:      layout_basic, nicolae_ru_path_of_blood, uniq_duvessa
D:5:      nicolae_BIG_FREAKIN_CUBE, layout_basic, uniq_pikel,
          uniq_crazy_yiuf_cottage
D:6:      layout_basic, vehumet_crystals
D:7:      layout_rooms, xom_butterflies, minmay_temple_entry_wispy,
          serial_shops, shop_fountains, st_stairs_13, small_statue_intersection
D:8:      layout_basic, mainiacjoe_overflow_alcove_2, erik_lair_island,
          ebering_ghost_xom
Temple:   nicolae_temple_no_exploring_needed
Lair:1:   layout_concentric_octagons, basic_altar, infiniplex_staircase_pool,
          lemuel_fruit_fields
Lair:2:   layout_gridlike, grunt_megastairs_5
Lair:3:   layout_chaotic_city, palyth_hydra_swamp_entry,
          hellmonk_spider_entry_not_the_bees, uniq_snorg

Skill      XL: |  1  2  3  4  5  6  7  8  9 10 11 12 |
---------------+-------------------------------------+-----
Ranged Weapons | 4 5 6 8 9 10 11 13 | 13.8
Fighting       | 3 4 5 7 8 9 |  9.1
Dodging        | 2 3 4 5 6 |  6.0
Armour         | 1 |  1.2
Invocations    | 2 4 6 8 |  8.4
Stealth        | |  1.5

Action                     |  1- 3 |  4- 6 |  7- 9 | 10-12 || total
---------------------------+-------+-------+-------+-------++-------
   Fire: Shortbow          |    72 |   139 |   280 |    25 ||   516
         Orcbow            |       |       |       |   451 ||   451
 Invoke: Heroism           |       |       |     2 |    32 ||    34
Ability: Spit Poison       |    21 |    45 |    57 |    51 ||   174
    Use: Scroll            |     5 |     4 |     6 |     6 ||    21
         Potion            |       |     1 |     6 |     4 ||    11
 Armour: Leather armour    |     4 |     9 |       |       ||    13
         Animal skin       |       |    22 |     2 |       ||    24
         Robe              |       |       |    72 |    58 ||   130
  Dodge: Dodged            |    11 |    68 |   170 |   289 ||   538

Table legend:
 A = Non-vault XP
 B = Vault XP
 C = Vault XP percentage of total XP
 D = Non-vault monster count
 E = Vault monster count
 F = Vault count percentage of total count
                 A         B        C        D         E       F
            +---------+---------+-------+---------+---------+-------
      Total |   18609 |    5414 |  22.5 |     228 |      41 |  15.2
            +---------+---------+-------+---------+---------+-------
        D:1 |      39 |      14 |  26.4 |      21 |       8 |  27.6
        D:2 |      51 |      68 |  57.1 |      11 |      12 |  52.2
        D:3 |      80 |       0 |   0.0 |      23 |       0 |   0.0
        D:4 |      78 |     215 |  73.4 |      14 |       2 |  12.5
        D:5 |     221 |     641 |  74.4 |      12 |       1 |   7.7
        D:6 |     972 |       0 |   0.0 |      31 |       0 |   0.0
        D:7 |    1142 |      35 |   3.0 |      29 |       1 |   3.3
        D:8 |    1056 |     857 |  44.8 |      23 |       9 |  28.1
     Lair:1 |    5690 |       0 |   0.0 |      29 |       0 |   0.0
     Lair:2 |    4706 |    1558 |  24.9 |      17 |       4 |  19.0
     Lair:3 |    4574 |    2026 |  30.7 |      18 |       4 |  18.2
            +---------+---------+-------+---------+---------+-------
